 Dungeon Crawl Stone Soup version 0.23.1-37-gaa34b87 (webtiles) character file.

Game seed: 9972122730948347192

599 nuthulu the Chopper (level 7, -9/55 HPs)
             Began as a Demonspawn Gladiator on Mar 24, 2019.
             Splashed by Ijyb's acid (11 damage)
             ... on level 3 of the Dungeon.
             The game lasted 00:04:13 (3637 turns).

nuthulu the Chopper (Demonspawn Gladiator)          Turns: 3637, Time: 00:04:13

Health: -9/55      AC: -1    Str: 16    XL:     7   Next: 17%
Magic:  0/7        EV: 13    Int:  9    God:
Gold:   99         SH:  0    Dex: 15    Spells: 6/6 levels left

rFire    . . .     SeeInvis .   a - +0 war axe
rCold    . . .     Gourm    .   (no shield)
rNeg     . . .     Faith    .   b - +0 leather armour
rPois    .         Spirit   +   (helmet restricted)
rElec    .         Reflect  .   (no cloak)
rCorr    .         Harm     .   (no gloves)
MR       .....                  (no boots)
Stlth    +.........             (no amulet)
HPRegen  0.18/turn              (no ring)
MPRegen  0.10/turn              (no ring)

@: corroded
A: antennae 1, claws 1, hooves 2, demonic guardian 1, magic shield
a: no special abilities


You were on level 3 of the Dungeon.
You were not hungry.

You visited 1 branch of the dungeon, and saw 3 of its levels.

You collected 99 gold pieces.

Inventory:

Hand Weapons
 a - a +0 war axe (weapon)
Armour
 b - a +0 leather armour (worn)
 c - a +0 helmet
Scrolls
 e - a scroll of remove curse
Potions
 g - a potion of berserk rage {unknown}
 j - 4 potions of curing
Comestibles
 f - 5 rations
 h - 3 chunks of flesh


   Skills:
 + Level 4.7 Fighting
 * Level 6.4 Axes
 - Level 1.7 Throwing
 - Level 2.6 Dodging


You had 6 spell levels left.
You didn't know any spells.
Your spell library was empty.

Dungeon Overview and Level Annotations

Branches:
Dungeon (3/15)

Altars:
Trog

Annotations:
D:3 Ijyb


Innate Abilities, Weirdness & Mutations

You have a pair of small antennae on your head.
You have sharp fingernails.
You have hoof-like feet.
A weak demonic guardian rushes to your aid.
When hurt, damage is shared between your health and your magic reserves.


Message History

Throwing (i - inventory)
d - 2 throwing nets (quivered)
Press: ? - help, Shift-Dir - straight line, f - Ijyb
Aim: Ijyb, wearing a +0 leather armour and carrying a wand of acid (8)
You throw a throwing net. The throwing net barely misses Ijyb.
Ijyb screams, "I cut your head off!"
Ijyb zaps a wand.
The bolt of acid misses you.
Throwing (i - inventory)
d - a throwing net (quivered)
Press: ? - help, Shift-Dir - straight line, f/p - Ijyb
Aim: Ijyb, wearing a +0 leather armour and carrying a wand of acid (7)
You throw a throwing net. The throwing net barely misses Ijyb.
Ijyb closely misses you.
You hit Ijyb but do no damage. You kick Ijyb.
Ijyb is lightly wounded.
Ijyb closely misses you.
You closely miss Ijyb. Your kick misses Ijyb.
Ijyb is lightly wounded.
Ijyb zaps a wand.
The bolt of acid hits you!
* * * LOW HITPOINT WARNING * * *
The acid corrodes you!
You are splashed with acid!
You die...

#........(.......#
#.#####'##.#####.#
#.>...............
#..#######......##
#..........#.#####
##................
#.......#..#...###
#.#####.#.........
#@# ............
#g# . .#.........
#'# #.##...... ...
#...#... ....#
#....... g[...#
#..#.#.# .......
#..#.#.. .....()#
# #....#..
#........
#.#...##..


You could see Ijyb.

Vanquished Creatures
  A moth of wrath (D:2)
  Sigmund (D:2)
  Robin (D:2)
  3 adders
  2 worms (D:2)
  2 dart slugs (D:1)
  A leopard gecko (D:2)
  4 giant cockroaches
  16 goblins
  8 hobgoblins
  13 jackals
  3 quokkas (D:2)
  9 bats
  6 frilled lizards
  8 kobolds
  5 rats
83 creatures vanquished.

Vanquished Creatures (collateral kills)
  2 worms (D:2)
  A rat (D:2)
3 creatures vanquished.

Grand Total: 86 creatures vanquished

Notes
Turn   | Place    | Note
-------+----------+-------------------------------------------
     0 | D:1      | nuthulu the Demonspawn Gladiator began the quest for the
                  | Orb.
     0 | D:1      | Reached XP level 1. HP: 16/16 MP: 1/1
   172 | D:1      | Reached skill level 3 in Axes
   298 | D:1      | Gained mutation: You have sharp fingernails. [demonic
                  | ancestry]
   298 | D:1      | Reached XP level 2. HP: 22/22 MP: 2/2
  1141 | D:1      | Gained mutation: You have a pair of small antennae on your
                  | head. [demonic ancestry]
  1141 | D:1      | Reached XP level 3. HP: 28/28 MP: 3/3
  1681 | D:2      | Noticed Robin
  1690 | D:2      | Killed Robin
  1718 | D:2      | Reached skill level 4 in Axes
  1756 | D:2      | Gained mutation: When hurt, damage is shared between your
                  | health and your magic reserves. [demonic ancestry]
  1756 | D:2      | Reached XP level 4. HP: 9/34 MP: 4/4
  2636 | D:2      | Noticed Sigmund
  2659 | D:2      | HP: 1/35 [something (2)]
  2667 | D:2      | Killed Sigmund
  2667 | D:2      | Reached skill level 5 in Axes
  2667 | D:2      | Gained mutation: A weak demonic guardian rushes to your
                  | aid. [demonic ancestry]
  2667 | D:2      | Reached XP level 5. HP: 18/42 MP: 0/5
  2667 | D:2      | Gained mutation: You have large cloven feet. [demonic
                  | ancestry]
  2667 | D:2      | Reached XP level 6. HP: 21/48 MP: 0/6
  3109 | D:2      | Noticed a moth of wrath
  3112 | D:2      | Found a bloodstained altar of Trog.
  3367 | D:2      | Killed a moth of wrath
  3367 | D:2      | Reached skill level 6 in Axes
  3367 | D:2      | Gained mutation: You have hoof-like feet. [demonic
                  | ancestry]
  3367 | D:2      | Reached XP level 7. HP: 50/55 MP: 3/7
  3625 | D:3      | Noticed Ijyb
  3637 | D:3      | HP: 2/55 [Ijyb/wand of acid (7) (15)]
  3637 | D:3      | Splashed by Ijyb's acid

Skill      XL: |  1  2  3  4  5  6 |
---------------+-------------------+-----
Axes           | 3 4 5 6 |  6.4
Fighting       | 3 4 |  4.7
Throwing       | |  1.7
Dodging        | |  2.6

Action                   |  1- 3 |  4- 6 |  7- 9 || total
-------------------------+-------+-------+-------++-------
Melee: War axe           |   119 |   101 |    14 ||   234
       Kick              |       |    13 |     2 ||    15
Throw: Throwing net      |       |     2 |     2 ||     4
  Use: Scroll            |     4 |       |       ||     4
       Potion            |       |     5 |       ||     5
  Eat: Chunk             |     3 |     5 |     1 ||     9
Armor: Leather armour    |    27 |    26 |     5 ||    58
Dodge: Dodged            |   105 |    83 |     9 ||   197
